 Dungeon Crawl Stone Soup version 0.28-a0-1199-gef9e1dbd39 (webtiles) character file.

Game seed: 17864048053366831634

420 Zonian the Zephyrmancer (level 6, 0/44 HPs)
             Began as a Gnoll Wanderer on Dec 20, 2021.
             Slain by a gnoll shaman (2 damage)
             ... on level 5 of the Dungeon.
             The game lasted 00:12:37 (7795 turns).

Zonian the Zephyrmancer (Gnoll Wanderer)            Turns: 7795, Time: 00:12:37

Health: 0/44       AC:  3    Str: 10    XL:     6   Next: 94%
Magic:  13/14      EV: 13    Int: 14    God:
Gold:   136        SH:  0    Dex: 12    Spells: 9/15 levels left

rFire   . . .      SeeInvis .   l - +7 quick blade
rCold   . . .      Faith    .   (no shield)
rNeg    . . .      Spirit   .   c - +0 robe
rPois   .          Reflect  .   (no helmet)
rElec   .          Harm     .   h - +0 cloak
rCorr   .          Rampage  .   (no gloves)
Will    .....                   (no boots)
Stlth   ++........              (no amulet)
HPRegen 0.14/turn               (no ring)
MPRegen 0.14/turn               (no ring)

@: no status effects
A: fangs 1, strong nose, distributed training
a: no special abilities


You were on level 5 of the Dungeon.
You visited 1 branch of the dungeon, and saw 5 of its levels.

You collected 136 gold pieces.

Inventory:

Hand Weapons
 a - a +0 short sword of flaming
 i - a +0 short sword
 j - a +3 quarterstaff of chaos
 l - a +7 quick blade (weapon)
Missiles
 k - 2 throwing nets
 q - 14 poisoned darts
Armour
 b - a +0 cloak
 c - a +0 robe (worn)
 h - a +0 cloak (worn)
 o - a +0 leather armour
Magical Staves
 p - a staff of death
Wands
 g - a wand of digging (6)
 m - a wand of flame (14)
Scrolls
 r - 2 scrolls of identify
Potions
 d - 2 potions of attraction
 e - 2 potions of curing
 f - 2 potions of degeneration
 n - 2 potions of flight {unknown}


   Skills:
 + Level 2.1 Fighting
 + Level 5.1 Short Blades
 + Level 2.1 Long Blades
 + Level 2.1 Axes
 + Level 2.1 Maces & Flails
 + Level 2.1 Polearms
 + Level 2.1 Staves
 + Level 2.1 Slings
 + Level 2.1 Bows
 + Level 2.1 Crossbows
 + Level 2.1 Throwing
 + Level 2.1 Armour
 + Level 3.4 Dodging
 + Level 2.1 Stealth
 + Level 2.1 Shields
 + Level 2.1 Unarmed Combat
 + Level 5.4 Spellcasting
 + Level 1.7 Conjurations
 + Level 1.7 Hexes
 + Level 1.7 Summonings
 + Level 1.7 Necromancy
 + Level 1.7 Translocations
 + Level 1.7 Transmutations
 + Level 1.7 Fire Magic
 + Level 1.7 Ice Magic
 + Level 9.0 Air Magic
 + Level 1.7 Earth Magic
 + Level 1.7 Poison Magic
 + Level 2.4 Invocations
 + Level 2.1 Evocations


You had 9 spell levels left.
You knew the following spells:

 Your Spells              Type           Power      Damage    Failure   Level
a - Shock                 Conj/Air       72%        1d7       1%          1
b - Poisonous Vapours     Pois/Air       36%        N/A       2%          2
c - Mephitic Cloud        Conj/Pois/Air  15%        N/A       9%          3

Your spell library contained the following spells:

 Spells                   Type           Power      Damage    Failure   Level
 Apportation              Tloc           16%        N/A       9%          1
 Slow                     Hex            32%        N/A       9%          1
 Confusing Touch          Hex            8%         N/A       24%         3
 Alistair's Intoxication  Tmut/Pois      5%         N/A       92%         5
 Yara's Violent Unravell  Hex/Tmut       4%         3d4       92%         5


Dungeon Overview and Level Annotations

Branches:
Dungeon (5/15)
 Temple: D:4-7

Altars:
Fedhas
Vehumet
Zin

Annotations:
D:3 3 runed translucent doors, gigimoi's ghost, amateur HOMo; halfoni's ghost, amateur HuBe
D:4 Pikel


Innate Abilities, Weirdness & Mutations

You have very sharp teeth.
Your uncanny sense of smell can sniff out nearby items.
Your experience applies equally to all skills.


Message History

The bullfrog zombie is almost destroyed.
The bullfrog zombie misses you.
You barely miss the bullfrog zombie.
The bullfrog zombie is almost destroyed.
You puncture the bullfrog zombie!
You destroy the bullfrog zombie!
Your Air Magic skill increases to level 9!
Unknown command.
You hit the gnoll. You bite the gnoll, but do no damage.
The gnoll is moderately wounded.
You puncture the gnoll!
You kill the gnoll!
Things that are here:
a +0 club; a gnoll corpse Unknown command.
Casting: Mephitic Cloud (dangerous; 9% risk of failure)
Confirm with . or Enter, or press ? or * to list all spells.
Aiming: Mephitic Cloud (dangerous; 9% risk of failure)
Press: ? - help, Shift-Dir - straight line, f/p - gnoll shaman
Aim: a gnoll shaman, wielding a +2 whip of pain and wearing a +0 leather armour (heavily wounded, chance to affect: 86%)
Okay, then.
You are too injured to fight recklessly!
Unknown command.
Casting: Mephitic Cloud (dangerous; 9% risk of failure)
Confirm with . or Enter, or press ? or * to list all spells.
Aiming: Shock (safe; 1% risk of failure)
Press: ? - help, Shift-Dir - straight line, f/p - gnoll shaman
Aim: a gnoll shaman, wielding a +2 whip of pain and wearing a +0 leather armour (heavily wounded, 75% to hit)
The zap hits the gnoll shaman.
The gnoll shaman is heavily wounded.
The gnoll shaman hits you with a +2 whip of pain!
* * * LOW HITPOINT WARNING * * *
You writhe in agony.
* * * LOW HITPOINT WARNING * * *
You closely miss the gnoll shaman.
The gnoll shaman is heavily wounded.
The gnoll shaman hits you with a +2 whip of pain.
* * * LOW HITPOINT WARNING * * *
You writhe in agony.
You die...

.......#§§§.....#....#...
#....#§§§§..#.#........ .
#....§§§§(..#.#....... ..
#....§#§§§..........##
#..#....§##§#.....###...#
#.......##..####..# ...#
>........#........#
........g#.......##
.........@.....#
..............##
..............#
...........#.##
...........###
............
............#
..#........#


You could see a gnoll shaman.

Vanquished Creatures
  2 lemures (D:4)
  A scorpion (D:4)
  A bullfrog zombie (D:5)
  An orc priest (D:4)
  Crazy Yiuf (D:3)
  A bullfrog skeleton (D:5)
  Ijyb (D:4)
  2 orc wizards (D:4)
  Robin (D:4)
  A gnoll (D:5)
  6 adders
  2 adder skeletons (D:4)
  A worm (D:3)
  A dart slug (D:4)
  5 orcs (D:4)
  4 ball pythons
  4 bats (D:1)
  8 endoplasms
  3 giant cockroaches
  14 goblins
  9 hobgoblins
  2 kobolds
  3 quokkas
  3 frilled lizards
  7 rats
84 creatures vanquished.

Notes
Turn   | Place    | Note
-------+----------+-------------------------------------------
     0 | D:1      | Zonian the Gnoll Wanderer began the quest for the Orb.
     0 | D:1      | Zonian set off with the following items: a +0 short sword,
                  | a +0 cloak, a +0 robe; and the following spell memorised:
                  | Shock; and the following spells available to memorise:
                  | Poisonous Vapours, Mephitic Cloud
     0 | D:1      | Reached XP level 1. HP: 13/13 MP: 6/6
   756 | D:1      | Reached XP level 2. HP: 19/19 MP: 5/7
  1856 | D:2      | Reached XP level 3. HP: 25/25 MP: 7/9
  1859 | D:2      | Learned a level 2 spell: Poisonous Vapours
  1994 | D:2      | Reached skill level 5 in Spellcasting
  2198 | D:2      | Reached skill level 1 in Invocations
  2442 | D:2      | Reached skill level 1 in Fighting
  2442 | D:2      | Reached skill level 1 in Long Blades
  2442 | D:2      | Reached skill level 1 in Axes
  2442 | D:2      | Reached skill level 1 in Maces & Flails
  2442 | D:2      | Reached skill level 1 in Polearms
  2442 | D:2      | Reached skill level 1 in Staves
  2442 | D:2      | Reached skill level 1 in Slings
  2442 | D:2      | Reached skill level 1 in Bows
  2442 | D:2      | Reached skill level 1 in Crossbows
  2442 | D:2      | Reached skill level 1 in Throwing
  2442 | D:2      | Reached skill level 1 in Armour
  2442 | D:2      | Reached skill level 1 in Stealth
  2442 | D:2      | Reached skill level 1 in Shields
  2442 | D:2      | Reached skill level 1 in Unarmed Combat
  2442 | D:2      | Reached skill level 1 in Evocations
  2928 | D:3      | Reached XP level 4. HP: 32/32 MP: 6/11
  3515 | D:3      | Found a runed translucent gate.
  3515 | D:3      | Found a runed translucent gate.
  3516 | D:3      | Found a runed translucent gate.
  3523 | D:3      | Found a glowing silver altar of Zin.
  3573 | D:3      | Found a radiant altar of Vehumet.
  3849 | D:3      | Found a runed translucent door.
  3850 | D:3      | Noticed Crazy Yiuf
  3857 | D:3      | Killed Crazy Yiuf
  3858 | D:3      | Reached skill level 1 in Conjurations
  3858 | D:3      | Reached skill level 1 in Hexes
  3858 | D:3      | Reached skill level 1 in Summonings
  3858 | D:3      | Reached skill level 1 in Necromancy
  3858 | D:3      | Reached skill level 1 in Translocations
  3858 | D:3      | Reached skill level 1 in Transmutations
  3858 | D:3      | Reached skill level 1 in Fire Magic
  3858 | D:3      | Reached skill level 1 in Ice Magic
  3858 | D:3      | Reached skill level 1 in Earth Magic
  3858 | D:3      | Reached skill level 1 in Poison Magic
  4278 | D:3      | Noticed gigimoi's ghost (amateur HOMo)
  4279 | D:3      | Noticed halfoni's ghost (amateur HuBe)
  4372 | D:3      | Found a blossoming altar of Fedhas.
  4518 | D:4      | Reached XP level 5. HP: 23/37 MP: 6/12
  5097 | D:4      | Identified a scroll of acquirement
  5097 | D:4      | Acquired a +7 quick blade
  5296 | D:4      | Learned a level 3 spell: Mephitic Cloud
  5481 | D:4      | Noticed a lemure
  5481 | D:4      | Noticed a lemure
  5481 | D:4      | Noticed a lemure
  5836 | D:4      | Noticed Robin
  5851 | D:4      | Killed Robin
  5852 | D:4      | Reached XP level 6. HP: 44/44 MP: 3/13
  6666 | D:4      | Noticed Ijyb
  6691 | D:4      | Killed Ijyb
  7150 | D:4      | Reached skill level 5 in Short Blades
  7185 | D:4      | Noticed Pikel
  7694 | D:5      | Entered Level 5 of the Dungeon
  7770 | D:5      | Noticed an ice beast
  7790 | D:5      | Reached skill level 9 in Air Magic
  7795 | D:5      | HP: 2/44 [gnoll shaman (3)]
  7795 | D:5      | Slain by a gnoll shaman

Illustrated notes

Levels and vault maps discovered:
D:1:      minmay_arrival_hallway, layout_rooms
D:2:      layout_loops_ring
D:3:      layout_loops_cross, lemuel_doored_altar,
          lemuel_coloured_pillars_altar, mainiacjoe_overflow_surrounded_room,
          gammafunk_ghost_cemetery, uniq_crazy_yiuf_cottage
D:4:      layout_rooms, minmay_misc_feat_x, uniq_robin, uniq_ijyb, uniq_pikel
D:5:      layout_cave_pools, portal_sewer_entry_d, roderic_filled_cross,
          uniq_eustachio, uniq_edmund

Skill      XL: |  1  2  3  4  5  6 |
---------------+-------------------+-----
Spellcasting   | 5 |  5.4
Invocations    | 1 2 |  2.4
Fighting       | 1 2 |  2.1
Long Blades    | 1 2 |  2.1
Axes           | 1 2 |  2.1
Maces & Flails | 1 2 |  2.1
Polearms       | 1 2 |  2.1
Staves         | 1 2 |  2.1
Slings         | 1 2 |  2.1
Bows           | 1 2 |  2.1
Crossbows      | 1 2 |  2.1
Throwing       | 1 2 |  2.1
Armour         | 1 2 |  2.1
Stealth        | 1 2 |  2.1
Shields        | 1 2 |  2.1
Unarmed Combat | 1 2 |  2.1
Evocations     | 1 2 |  2.1
Conjurations   | 1 |  1.7
Hexes          | 1 |  1.7
Summonings     | 1 |  1.7
Necromancy     | 1 |  1.7
Translocations | 1 |  1.7
Transmutations | 1 |  1.7
Fire Magic     | 1 |  1.7
Ice Magic      | 1 |  1.7
Earth Magic    | 1 |  1.7
Poison Magic   | 1 |  1.7
Dodging        | 3 |  3.4
Short Blades   | 5 |  5.1
Air Magic      | 9 |  9.0

Action                   |  1- 3 |  4- 6 || total
-------------------------+-------+-------++-------
Melee: Short sword       |    51 |    14 ||    65
       Bite              |     4 |    12 ||    16
       Quick blade       |       |   138 ||   138
       Punch             |       |     1 ||     1
 Cast: Shock             |    58 |    66 ||   124
       Mephitic Cloud    |       |     2 ||     2
  Use: Scroll            |     3 |     6 ||     9
       Potion            |       |     4 ||     4
 Stab: Sleeping          |       |     2 ||     2
Armor: Robe              |    25 |    15 ||    40
Dodge: Dodged            |    39 |    57 ||    96

Table legend: (Time is in decaauts)
 A = Elapsed time spent in this place.
 B = Non-inter-level travel time spent in this place.
 C = Inter-level travel time spent in this place.
 D = Time resting spent in this place.
 E = Time spent auto-exploring this place.
 F = Levels seen in this place.
 G = Mean time per level.
                   A        B        C        D        E       F      G
               +--------+--------+--------+--------+--------+-----+--------+
         Total |   7715 |   7599 |    116 |   4030 |   2541 |   5 | 1543.0 |
       Dungeon |   7715 |   7599 |    116 |   4030 |   2541 |   5 | 1543.0 |
               +--------+--------+--------+--------+--------+-----+--------+

Top non-repeatable levels by time:
     D:3: 3017 daAuts
     D:4: 1714 daAuts
     D:2: 1494 daAuts
     D:1: 1401 daAuts
     D:5: 87 daAuts
